 Dungeon Crawl Stone Soup version 0.17-a0-2072-g8d4e3f9 (webtiles) character file.

202 Blightor the Skirmisher (level 5, -1/42 HPs)
             Began as a Demonspawn Abyssal Knight on Oct 14, 2015.
             Was a Believer of Lugonu.
             Succumbed to a kobold's poison
             ... on level 3 of the Dungeon.
             The game lasted 00:10:24 (3262 turns).

Blightor the Skirmisher (Demonspawn Abyssal Knight) Turns: 3262, Time: 00:10:24

Health: -1/42      AC: 12    Str: 13      XL:     5   Next: 50%
Magic:  7/7        EV:  3    Int: 13      God:    Lugonu [**....]
Gold:   158        SH:  7    Dex: 11 (13) Spells: 0 memorised, 4 levels left

rFire  . . .     SeeInvis .     a - +1 falchion
rCold  . . .     Clarity  .     u - +0 chain mail
rNeg   + . .     SustAt   .     c - +0 shield
rPois  .         Gourm    .     (no helmet)
rElec  .         Spirit   .     (no cloak)
rCorr  .         Warding  .     z - +0 pair of gloves
rMut   .         Stasis   .     (no boots)
MR     .....                    (no amulet)
Stlth  ..........               (no ring)
                                v - ring of positive energy

@: lethally poisoned (-1 -> -34), not resistant to hostile enchantments,
extremely unstealthy
A: yellow scales 1
a: Depart the Abyss, Bend Space, Renounce Religion


You were on level 3 of the Dungeon.
You worshipped Lugonu.
Lugonu was pleased with you.
You were not hungry.

You visited 1 branch of the dungeon, and saw 3 of its levels.
You visited the Abyss 1 time.

You collected 158 gold pieces.

Inventory:

Hand Weapons
 a - a +1 falchion (weapon)
 d - a +0 spear
 e - a +0 falchion
 i - a +0 hand axe
 j - a +0 spear
 k - a +0 mace
 l - a +0 spear
 y - a +0 flail
Missiles
 s - 33 poisoned needles
Armour
 b - a +0 leather armour
 c - a +0 shield (worn)
 t - a +0 ring mail
 u - a +0 chain mail (worn)
 z - a +0 pair of gloves (worn)
Jewellery
 v - a ring of positive energy (left hand)
Scrolls
 m - a scroll of noise {unknown}
 p - 4 scrolls of identify {unknown}
 q - a scroll of fog {unknown}
 r - 2 scrolls of teleportation {unknown}
 w - a scroll of recharging {unknown}
Potions
 g - a potion of haste
 n - a potion of magic {unknown}
Comestibles
 f - a beef jerky
 h - a slice of pizza


   Skills:
 + Level 3.7 Fighting
 + Level 2.6 Long Blades
 + Level 2.9 Armour
 + Level 2.4 Dodging
 + Level 1.0 Stealth
 + Level 1.1 Shields
 + Level 2.8 Invocations


You had 4 spell levels left.
You didn't know any spells.

Dungeon Overview and Level Annotations

Branches:
Dungeon (3/15)

Altars:
Okawaru


Innate Abilities, Weirdness & Mutations

You are partially covered in yellow scales (AC +2).


Message History

The kobold wields an uncursed dagger.
The kobold hits you but does no damage.
You closely miss the kobold.
* * * LOW HITPOINT WARNING * * *
You feel very sick.
The kobold hits you but does no damage. x2
You hit the kobold.
The kobold is moderately wounded.
* * * LOW HITPOINT WARNING * * *
You feel very sick. The kobold hits you but does no damage.
You hit the kobold.
The kobold is severely wounded.
* * * LOW HITPOINT WARNING * * *
You feel very sick. The kobold hits you but does no damage.
Drink which item? (? for menu, Esc to quit)
It was a potion of degeneration.
There was something very wrong with that liquid.
You feel clumsy.
You die...

##.# #.......###.##...# #.#
#.####..# #.##.#.#
#.###.####..###......#
#.#..............#.### #
#.#.........####.#.# ##
##.#.#..............# ##.
####.......#....#.##.### #####.#
#.###.#.##.(((....##.# #...)..
...####.......((@K...# ###.#####
#.## #.#####.(#####.# #......##
#.## #..........)...# #.#.##.##
#..# #######...###### #(#.##...
##.##### #.<.# ##.#......
#......# #...# #.#.######
#..###.######...########..### #.
.......#....................####)
......................##.##......


You could see a kobold.

Vanquished Creatures
  The ghost of Haruko the Firebug, an amateur HOFE (D:3)
  An iguana (D:3)
  2 adders
  4 worms (D:3)
  A giant gecko (D:3)
  5 bats
  6 giant cockroaches
  9 hobgoblins
  3 jackals (D:1)
  5 giant newts
  5 goblins
  7 kobolds
  9 rats
58 creatures vanquished.

Notes
Turn   | Place    | Note
--------------------------------------------------------------
     0 | Abyss:1  | Blightor the Demonspawn Abyssal Knight began the quest for the Orb.
     0 | Abyss:1  | Reached XP level 1. HP: 18/18 MP: 2/2
    58 | Abyss:1  | Noticed a spatial vortex
    84 | Abyss:1  | Noticed a large abomination
   105 | Abyss:1  | Noticed a black bear
   109 | Abyss:1  | Noticed a guardian serpent
   109 | Abyss:1  | Noticed a sky beast
   109 | Abyss:1  | a black bear changed into a sky beast
   110 | Abyss:1  | Noticed a wretched star
   111 | Abyss:1  | Noticed a large abomination
   111 | D:1      | Escaped the Abyss
   835 | D:1      | Found an iron altar of Okawaru.
   849 | D:1      | Gained mutation: You are partially covered in yellow scales (AC +2). [demonic ancestry]
   849 | D:1      | Reached XP level 2. HP: 18/24 MP: 4/4
   850 | D:1      | Reached * piety under Lugonu
  1003 | D:1      | Reached skill level 1 in Dodging
  1565 | D:2      | Reached XP level 3. HP: 24/29 MP: 5/5
  2096 | D:3      | Reached ** piety under Lugonu
  2189 | D:3      | Reached XP level 4. HP: 17/36 MP: 6/6
  2280 | D:3      | Noticed Haruko's ghost (amateur HOFE)
  2307 | D:3      | Killed Haruko's ghost
  2307 | D:3      | Reached skill level 1 in Stealth
  2307 | D:3      | Reached XP level 5. HP: 13/42 MP: 7/7
  2747 | D:3      | HP: 1/42 [iguana (9)]
  2757 | D:3      | Reached skill level 1 in Shields
  3261 | D:3      | HP: 2/42 [poisoned by a kobold]
  3262 | D:3      | Succumbed to a kobold's poison

Vault maps used:
D:1:      noname_arrival_rooms_in_the_neighbourhood, serial_forest,
          infiniplex_forest_corner_1, infiniplex_forest_lined_2,
          infiniplex_forest_corner_1, infiniplex_forest_clump_tiny,
          infiniplex_forest_end_2, okawaru_ov_weapons_minmay
D:2:      minmay_crystal_room, minmay_misc_feat_doors,
          nicolae_dithmenos_shadow_blocks, uniq_terence

Action                   |  1- 3 |  4- 6 || total
-------------------------+-------+-------++-------
Melee: Falchion          |   165 |    92 ||   257
Invok: Depart the Abyss  |     1 |       ||     1
  Use: Potion            |       |     7 ||     7
 Stab: Sleeping          |     1 |       ||     1
  Eat: Bread ration      |     1 |       ||     1
       Meat ration       |       |     1 ||     1
